 Dungeon Crawl Stone Soup version 0.25-a0-507-gf66f01b (webtiles) character file.

Game seed: 11838403346958404136, levelgen mode: deterministic

109 15 the Ruffian (level 4, -1/36 HPs)
             Began as a Draconian Transmuter on Feb 14, 2020.
             Hit by a boomerang thrown by an orc warrior (15 damage)
             ... on level 3 of the Dungeon.
             The game lasted 00:06:54 (1857 turns).

15 the Ruffian (Draconian Transmuter)               Turns: 1857, Time: 00:06:55

Health: -1/36      AC:  5    Str: 16    XL:     4   Next: 59%
Magic:  3/7        EV: 12    Int: 19    God:
Gold:   115        SH:  0    Dex: 11    Spells: 1/7 levels left

rFire    . . .     SeeInvis .     - Unarmed
rCold    . . .     Gourm    .   (no shield)
rNeg     . . .     Faith    .   (armour unavailable)
rPois    .         Spirit   .   (helmet restricted)
rElec    .         Reflect  .   (no cloak)
rCorr    .         Harm     .   (no gloves)
MR       .....                  (no boots)
Stlth    +.........             (no amulet)
HPRegen  0.12/turn              d - +3 ring of strength
MPRegen  0.10/turn              h - +5 ring of intelligence

@: appendage (expiring), drained
A: unfitting armour, horns 2, cold-blooded, AC +5
a: End Transformation


You were on level 3 of the Dungeon.
You were not hungry.
You had grown temporary horns.
You visited 1 branch of the dungeon, and saw 3 of its levels.

You collected 115 gold pieces.

Inventory:

Missiles
 a - 8 arrows
Jewellery
 d - a +3 ring of strength (left hand)
 h - a +5 ring of intelligence (right hand)
 l - an uncursed ring of see invisible
Scrolls
 g - a scroll of identify
 i - a scroll of remove curse
 q - a scroll of amnesia {unknown}
Potions
 e - 2 potions of curing
 f - a potion of lignification {unknown}
 m - a potion of degeneration {unknown}
 n - a potion of agility {unknown}
 o - a potion of mutation {unknown}
Comestibles
 b - a chunk of flesh
 c - 10 rations


   Skills:
 * Level 2.1(1.2) Fighting
 * Level 2.8(1.9) Dodging
 + Level 0.2(0.0) Stealth
 + Level 3.6(2.7) Unarmed Combat
 * Level 2.3(1.5) Spellcasting
 * Level 2.7(1.9) Transmutations


You had one spell level left.
You knew the following spells:

 Your Spells              Type           Power        Failure   Level  Hunger
a - Beastly Appendage     Tmut           #.....       9%          1    ##.....
b - Sticks to Snakes      Tmut           #.......     12%         2    ###....
c - Spider Form           Tmut/Pois      #.........   34%         3    ####...

Your spell library contained the following spells:

 Spells                   Type           Power        Failure   Level  Hunger
 Ice Form                 Ice/Tmut       #.......     75%         4    #####..
 Blade Hands              Tmut           #.........   92%         5    ######.


Dungeon Overview and Level Annotations

Branches:
Dungeon (3/15)

Altars:
Trog
The Shining One


Innate Abilities, Weirdness & Mutations

Your plain brown scales are hard. (AC +5)
You cannot fit into any form of body armour.
You are cold-blooded and may be slowed by cold attacks.
You have a pair of horns on your head.


Message History

* * * LOW HITPOINT WARNING * * *
Your ball python bites the orc but does no damage.
Your ball python completely misses the orc.
Your ball python closely misses the orc.
Your ball python grabs the orc.
Your ball python constricts the orc.
The orc struggles to escape constriction.
Your ball python bites the orc.
Your ball python constricts the orc.
Your transformation is almost over.
Your ball python bites the orc.
Your ball python constricts the orc.
The orc struggles to escape constriction.
Your ball python bites the orc.
Your ball python constricts the orc.
The orc struggles to escape constriction.
Your ball python bites the orc.
Your ball python constricts the orc.
The orc warrior hits your ball python with a +0 battleaxe of electrocution!!
Your ball python dies!
You aren't carrying any items that you can evoke.
You feel better.
Found a pair of embroidered boots.
The orc warrior throws a boomerang.
The boomerang hits you!
You die...

####..##.............w.######...
....#...####...........#
....###.####รท.....##o..#
....###..#.....#.....###
......##.#.#......o..#
.......).#.##........##
......................#
.....###....###.......##
####.#......###<@.........
####.............[........
...........................
#####......#...............
##.........(........#####[#
#..#(#....##........#
#.##(#######........# #....#
#........# ###### #........#


You could see an orc warrior and an orc.

Vanquished Creatures
  A hound (D:2)
  An ooze (D:2)
  A worm (D:3)
  A dart slug (D:2)
  3 leopard geckos
  2 orcs (D:3)
  5 bats
  4 giant cockroaches
  5 goblins (D:2)
  7 hobgoblins
  7 jackals
  6 frilled lizards
  8 kobolds
  5 rats
56 creatures vanquished.

Vanquished Creatures (collateral kills)
  An adder (D:3)
  A hobgoblin (D:2)
  A bat (D:3)
  A kobold (D:2)
  A rat (D:3)
5 creatures vanquished.

Grand Total: 61 creatures vanquished

Notes
Turn   | Place    | Note
-------+----------+-------------------------------------------
     0 | D:1      | 15 the Draconian Transmuter began the quest for the Orb.
     0 | D:1      | Reached XP level 1. HP: 16/16 MP: 3/3
   140 | D:1      | Reached XP level 2. HP: 11/23 MP: 5/5
   572 | D:1      | Learned a level 2 spell: Sticks to Snakes
   745 | D:2      | Reached XP level 3. HP: 21/28 MP: 4/6
   925 | D:2      | Learned a level 3 spell: Spider Form
   951 | D:2      | Found a faded altar of an unknown god.
  1225 | D:2      | Reached XP level 4. HP: 29/36 MP: 1/7
  1300 | D:2      | Found a glowing golden altar of the Shining One.
  1300 | D:2      | Found a bloodstained altar of Trog.
  1844 | D:3      | Noticed an orc warrior
  1857 | D:3      | Hit by a boomerang thrown by an orc warrior

Levels and vault maps discovered:
D:1:      nicolae_arrival_washed_ashore, layout_rooms, minmay_domino_4
D:2:      layout_loops_ring, gammafunk_temple_overflow_statue,
          chequers_ecumenical_altar_simple_redux
D:3:      layout_rooms, uniq_purgy

Skill      XL: |  1  2  3 |
---------------+----------+-----
Dodging        | 2 |  2.8
Fighting       | 2 |  2.1
Stealth        | |  0.2
Unarmed Combat | |  3.6
Spellcasting   | |  2.3
Transmutations | |  2.7

Action                   |  1- 3 |  4- 6 || total
-------------------------+-------+-------++-------
Melee: Unarmed           |   162 |    55 ||   217
       Tailslap          |    12 |     1 ||    13
       Headbutt          |     5 |     1 ||     6
       Kick              |     5 |     5 ||    10
       Punch             |     1 |       ||     1
 Cast: Beastly Appendage |     9 |     7 ||    16
       Sticks to Snakes  |     1 |     3 ||     4
       Spider Form       |     1 |       ||     1
  Use: Scroll            |     2 |     4 ||     6
       Potion            |       |     1 ||     1
 Stab: Sleeping          |     1 |       ||     1
  Eat: Chunk             |     2 |     2 ||     4
Armor: Skin              |    65 |    13 ||    78
Dodge: Dodged            |   116 |    41 ||   157

Table legend:
 A = Non-vault XP
 B = Vault XP
 C = Vault XP percentage of total XP
 D = Non-vault monster count
 E = Vault monster count
 F = Vault count percentage of total count
                 A         B        C        D         E       F
            +---------+---------+-------+---------+---------+-------
      Total |     152 |       4 |   2.6 |      57 |       4 |   6.6
            +---------+---------+-------+---------+---------+-------
        D:1 |      32 |       4 |  11.1 |      18 |       4 |  18.2
        D:2 |      89 |       0 |   0.0 |      27 |       0 |   0.0
        D:3 |      31 |       0 |   0.0 |      12 |       0 |   0.0
            +---------+---------+-------+---------+---------+-------
